 Dungeon Crawl Stone Soup version 0.32-a0-933-ga8fa3634e4 (webtiles) character file.

Game seed: 15531598069669658212

20920 bananaken the Basher (level 12, -9/81 HPs)
             Began as a Gargoyle Berserker on Apr 14, 2024.
             Was an Elder of Trog.
             Mangled by a death scarab (31 damage)
             ... in a Gauntlet.
             The game lasted 00:25:16 (12110 turns).

bananaken the Basher (Gargoyle Berserker)          Turns: 12110, Time: 00:25:16

Health: -9/81      AC: 28    Str: 29    XL:     12   Next: 84%
Magic:  12/12      EV:  9    Int: 11    God:    Trog [****..]
Gold:   552        SH:  0    Dex:  9    Spells: 11/11 levels left

rFire   . . .        F - +5 morningstar "Pakko" {freeze, rC+ Int+2 SInv}
rCold   + + .        v - orb "Qaczuorch" {mayhem, Str+4}
rNeg    + . .        H - +2 chain mail {rC+}
rPois   ∞            G - +0 helmet
rElec   +            b - +2 cloak
rCorr   .            w - +0 pair of gloves
SInv    +            (no boots)
Will    .....        (no amulet) Stlth
                     s - ring of flight
HPRegen 0.33/turn    (no ring)
MPRegen 0.13/turn

%: no teleportation, mayhem
@: on berserk cooldown, flying, slowed, very slow
A: sickness immunity, AC +8, negative energy resistance 1, electricity
resistance, torment resistance 1, petrification resistance
a: Renounce Religion, Berserk, Trog's Hand, Brothers in Arms


You were in a Gauntlet.
You worshipped Trog.
Trog was greatly pleased with you.
You visited 2 branches of the dungeon, and saw 12 of its levels.
You also visited: Sewer and Gauntlet.

You collected 916 gold pieces.
You spent 364 gold pieces at shops.

Inventory:

Hand Weapons
 D - a +1 vampiric morningstar
 F - the +5 morningstar "Pakko" (weapon) {freeze, rC+ Int+2 SInv}
   (You found it on level 8 of the Dungeon)

   Int+2:     It affects your intelligence (+2).
   rC+:       It protects you from cold.
   SInv:      It lets you see invisible.
Missiles
 f - 5 atropa-tipped darts (quivered)
 g - a curare-tipped dart
 q - 6 throwing nets
Armour
 b - a +2 cloak (worn)
 v - the orb "Qaczuorch" (worn) {mayhem, Str+4}
   (You bought it in a shop on level 4 of the Dungeon)

   Str+4:     It affects your strength (+4).
 w - a +0 pair of gloves (worn)
 G - a +0 helmet (worn)
 H - a +2 chain mail of cold resistance (worn)
Jewellery
 s - a ring of flight (left hand)
Wands
 p - a wand of acid (18)
 y - a wand of iceblast (7)
 A - a wand of flame (13)
Scrolls
 c - 2 scrolls of immolation
 e - 4 scrolls of teleportation
 h - 4 scrolls of identify
 i - 4 scrolls of fear
 k - a scroll of vulnerability
 l - 2 scrolls of brand weapon
 o - 5 scrolls of fog
 B - a scroll of enchant armour
 E - 6 scrolls of poison
Potions
 d - 2 potions of berserk rage
 j - 7 potions of mutation
 m - 8 potions of curing
 n - 2 potions of brilliance
 r - a potion of ambrosia
 u - 4 potions of enlightenment
 x - 2 potions of haste
 z - 2 potions of might
 C - 2 potions of attraction


   Skills:
 + Level 11.8 Fighting
 * Level 12.5 Maces & Flails
 + Level 10.2 Armour
 - Level 4.4 Dodging
 - Level 2.0 Stealth
 + Level 8.2 Evocations


You had 11 spell levels left.
You didn't know any spells.
Your spell library was empty.

Dungeon Overview and Level Annotations

Branches:
Dungeon (10/15)            Temple (0/1) D:7            Lair (2/5) D:8
  Snake (0/4) Lair:2          Orc (0/2) D:10          Sewer (visited)
Gauntlet (1/1)
  Swamp: Lair:2-3    Shoals: Lair:2-3

Altars:
Gozag
Zin
Beogh

Shops:
D:4 [

Annotations:
Gauntlet 11 transporters, 1 runed translucent door


Innate Abilities, Weirdness & Mutations

You are immune to sickness and miasma.
Your stone body is resilient. (AC +8)
You are immune to poison.
You resist negative energy. (rN+)
You are resistant to electric shocks. (rElec)
You are resistant to unholy torment.
You are immune to petrification.


Message History

The death scarab flies into a frenzy!
The death scarab bites something but does no damage.
The death scarab's many legs skitter faintly.
Something bites the spectral dream sheep!!
You bludgeon the spectral dream sheep!! You freeze the spectral dream sheep.
The spectral dream sheep is almost destroyed.
You hear a faint skittering sound.
Something bites the spectral dream sheep!!
The spectral dream sheep is destroyed!
Trog accepts your kill.
You hear a faint skittering sound.
Unknown command.
You are no longer berserk.
You are exhausted.
You feel as though you will be slow longer.
The death scarab's many legs skitter faintly. x2
The death scarab closely misses you. x2
Unknown command.
Unknown command.
You hit the death scarab. You freeze the death scarab.
The death scarab is moderately damaged.
The death scarab bites you but does no damage.
The death scarab bites you!! The death scarab drains your vigour!
You feel as though you will be slow longer.
The death scarab bites you but does no damage.
Unknown command.
You hear a faint skittering sound.
The death scarab bites you!!
* * * LOW HITPOINT WARNING * * *
You hear a faint skittering sound.
There is a transporter landing site here.
Unknown command.
Unknown command.
Okay, then.
Okay, then.
Okay, then.
Your ogre goes berserk!
The death scarab's many legs skitter faintly.
The death scarab bites you!!
You die...

.#.©.#.....###########...≈#
.#...#........#.©.#......##
.#.©.#....ß...#.ß.#...ß.##
#########.....#.©.#.....≈#
.Z[©:$..#...#########...##
^.....^.#...##.?©==##...§#
#######Z#...#.###..##...##
#.#.#.#Z#...#.#..##.#...≈#
...©...Z#.ß.##.#@B#.#.ß.##
.#.#^#.##...##O.##.##...≈#
#######.#...#.##.#.##...##
.......B#...##..#.#.#...≈#
.......B#...#########...##
#########.......©.......≈#
...©......ß.....ß.....ß.##
∩..ß..∩.........§.......≈#
.......§..#§#§#≈#≈#≈#≈#≈##


You could see a neutral death scarab (fast, strong, frenzied) and a friendly
ogre (summoned, berserk).

Vanquished Creatures
  Gastronok (Lair:1)
  Harold (Lair:1)
  2 two-headed ogres (D:9)
  A death scarab (Gauntlet)
  A spectral hydra (Gauntlet)
  6 elephants (Lair:1)
  8 cane toads
  3 komodo dragons
  A polar bear (Lair:2)
  2 trolls (D:10)
  A blink frog (Lair:2)
  Grinder (D:5)
  A shadow (D:10)
  A wyvern (Lair:1)
  26 yaks
  Edmund (D:6)
  3 steam dragons
  A naga (Lair:2)
  3 water moccasins
  2 black bears
  5 orc warriors
  4 sky beasts
  3 ogres
  9 wolves
  3 centaurs
  A phantom (D:4)
  A kobold brigand (D:7)
  A scorpion (D:4)
  6 bullfrogs
  5 wights
  6 howler monkeys
  3 bombardier beetles
  5 hounds
  2 gnoll boudas (D:6)
  5 orc priests
  5 jellies
  A sleepcap (D:7)
  Terence (D:3)
  An iguana (D:6)
  6 orc wizards
  11 adders
  12 gnolls (D:6)
  2 river rats
  A shadow imp (D:6)
  A white imp (D:5)
  A dart slug (Sewer)
  2 ribbon worms
  29 orcs
  15 bats
  11 endoplasms
  A giant cockroach (D:2)
  5 hobgoblins
  5 jackals
  9 kobolds
  9 quokkas
  7 ball pythons
  4 frilled lizards
  7 goblins
  4 rats
275 creatures vanquished.

Vanquished Creatures (collateral kills)
  A spectral dream sheep (Gauntlet)
  7 yaks
  3 wolves (Lair:2)
  3 wights
  An orc priest (D:10)
  9 orcs
24 creatures vanquished.

Vanquished Creatures (others)
  A yak (Lair:1)
  An orc (D:10)
2 creatures vanquished.

Grand Total: 301 creatures vanquished

Notes
Turn   | Place    | Note
-------+----------+-------------------------------------------
     0 | D:1      | bananaken the Gargoyle Berserker began the quest for the
                  | Orb.
     0 | D:1      | Reached XP level 1. HP: 14/14 MP: 1/1
   168 | D:1      | Reached XP level 2. HP: 13/19 MP: 2/2
   373 | D:1      | Reached XP level 3. HP: 19/23 MP: 3/3
  1054 | D:2      | Reached ** piety under Trog
  1220 | D:2      | Reached XP level 4. HP: 29/29 MP: 4/4
  1278 | D:2      | Found a faded altar of an unknown god.
  1334 | D:2      | Reached skill level 4 in Maces & Flails
  2006 | D:3      | Noticed an ogre
  2017 | D:3      | Killed an ogre
  2018 | D:3      | Reached XP level 5. HP: 33/33 MP: 5/5
  2518 | D:3      | Noticed Terence
  2526 | D:3      | Killed Terence
  2689 | D:4      | Noticed an ogre
  2699 | D:4      | Killed an ogre
  2700 | D:4      | Reached skill level 5 in Maces & Flails
  2700 | D:4      | Reached XP level 6. HP: 35/39 MP: 6/6
  2934 | D:4      | Reached XP level 7. HP: 34/44 MP: 7/7
  3159 | D:4      | Reached skill level 5 in Fighting
  3245 | D:4      | Found Edeig's Antique Armour Boutique.
  3465 | D:4      | Reached skill level 6 in Maces & Flails
  3488 | D:5      | Entered Level 5 of the Dungeon
  3541 | D:5      | Found a glowing drain.
  3545 | D:5      | Noticed Grinder
  3579 | D:5      | Paralysed by Grinder for 5 turns
  3591 | D:5      | Killed Grinder
  3592 | D:5      | Reached XP level 8. HP: 27/51 MP: 8/8
  3683 | Sewer    | Entered a sewer
  3877 | Sewer    | Reached *** piety under Trog
  3928 | Sewer    | Reached skill level 7 in Maces & Flails
  5362 | D:6      | Reached skill level 8 in Maces & Flails
  5572 | D:6      | Reached skill level 1 in Stealth
  5842 | D:6      | Noticed Edmund
  5868 | D:6      | Killed Edmund
  5869 | D:6      | Reached skill level 1 in Evocations
  5869 | D:6      | Reached XP level 9. HP: 56/56 MP: 9/9
  6633 | D:7      | Found a staircase to the Ecumenical Temple.
  6651 | D:7      | Reached **** piety under Trog
  6691 | D:7      | Reached skill level 9 in Maces & Flails
  6804 | D:4      | Bought a distressingly furry orb for 364 gold pieces
  6804 | D:4      | Identified the orb "Qaczuorch" {mayhem, Str+4} (You bought
                  | it in a shop on level 4 of the Dungeon)
  6897 | D:7      | Reached skill level 5 in Armour
  7277 | D:8      | Found a staircase to the Lair.
  7431 | D:8      | Reached XP level 10. HP: 54/64 MP: 10/10
  7932 | D:8      | Identified the +5 morningstar "Pakko" {freeze, rC+ Int+2
                  | SInv}
  8413 | D:9      | Found an opulent altar of Gozag.
  8635 | D:9      | Noticed a two-headed ogre
  8643 | D:9      | Killed a two-headed ogre
  8711 | D:9      | Noticed a two-headed ogre
  8719 | D:9      | Killed a two-headed ogre
  8720 | D:9      | Reached skill level 10 in Maces & Flails
  8990 | D:9      | Found a glowing silver altar of Zin.
  9049 | D:10     | Entered Level 10 of the Dungeon
  9078 | D:10     | Reached skill level 5 in Evocations
  9172 | D:10     | Found a roughly hewn altar of Beogh.
  9172 | D:10     | Found a staircase to the Orcish Mines.
  9451 | D:10     | Reached XP level 11. HP: 51/71 MP: 11/11
 10297 | Lair:1   | Entered Level 1 of the Lair of Beasts
 10318 | Lair:1   | Reached skill level 10 in Fighting
 10404 | Lair:1   | Reached skill level 11 in Maces & Flails
 10603 | Lair:1   | Noticed Gastronok
 10643 | Lair:1   | Killed Gastronok
 10644 | Lair:1   | Reached XP level 12. HP: 79/79 MP: 12/12
 11150 | Lair:1   | Noticed Harold
 11165 | Lair:1   | Killed Harold
 11561 | Lair:2   | Reached skill level 12 in Maces & Flails
 11677 | Lair:2   | Reached skill level 10 in Armour
 11728 | Lair:2   | Found a staircase to the Snake Pit.
 11798 | Lair:2   | Found a gate leading to a gauntlet.
 11802 | Gauntlet | Entered a Gauntlet
 11802 | Gauntlet | Found a transporter.
 11806 | Gauntlet | Noticed a death scarab
 11810 | Gauntlet | Noticed a death scarab
 11865 | Gauntlet | Found a transporter.
 11865 | Gauntlet | Noticed a death scarab
 11865 | Gauntlet | Noticed a death scarab
 11882 | Gauntlet | Found a transporter.
 11886 | Gauntlet | Found a transporter.
 11908 | Gauntlet | Found a transporter.
 11911 | Gauntlet | Noticed a quicksilver ooze
 11921 | Gauntlet | Found a transporter.
 11929 | Gauntlet | Found a transporter.
 11933 | Gauntlet | Found a transporter.
 11952 | Gauntlet | Noticed a six-headed hydra
 11956 | Gauntlet | Found a transporter.
 11982 | Gauntlet | Found a transporter.
 11983 | Gauntlet | Found a transporter.
 11989 | Gauntlet | Found a transporter.
 12010 | Gauntlet | Found a runed translucent door.
 12100 | Gauntlet | Killed a death scarab
 12110 | Gauntlet | Mangled by a death scarab

Illustrated notes

Levels and vault maps discovered:
D:1:      saegor_arrival_fortress, layout_loops_ring, minmay_close_crescents
D:2:      layout_basic, serial_rivers, chequers_serial_rivers_small_b,
          chequers_serial_rivers_micro_a, chequers_serial_rivers_small_a,
          chequers_serial_rivers_micro_d, chequers_serial_rivers_large_a,
          basic_ecumenical_altar
D:3:      layout_loops_cross, uniq_terence
D:4:      layout_loops_ring, serial_shops, shop
D:5:      layout_basic, cheibrodos_sewer_entry_sluice, uniq_grinder
D:6:      layout_basic, uniq_edmund
D:7:      layout_basic, minmay_temple_entry_gardened_gates, hangedman_misty_isle
D:8:      layout_basic, lair_entry_dummy
D:9:      layout_loops_ring, pdpol_temple_overflow_zin_treasury_gozag_greed,
          minivault_19
D:10:     layout_irregular_city, david_orc_5
Lair:1:   layout_chaotic_city, beast_lair_carwin_2, uniq_harold, uniq_gastronok
Lair:2:   layout_chaotic_city, elwin_shoals_entry_rocks,
          alex1729_snake_entry_snake, gauntlet_entry_generic, minivault_24,
          grunt_forest_large_clearings
Gauntlet: minmay_gauntlet_mixed_oops_all_seconds [minmay_gauntlet_arena_77_path,
          gammafunk_gauntlet_arena_teeth, minmay_gauntlet_arena_77_mess,
          gammafunk_gauntlet_arena_corners,
          minmay_gauntlet_arena_77_broken_ladder,
          nicolae_gauntlet_arena_grate_2,
          nicolae_gauntlet_exit_dead_adventurers]

Skill      XL: |  1  2  3  4  5  6  7  8  9 10 11 12 |
---------------+-------------------------------------+-----
Dodging        | 2 3 4 |  4.4
Maces & Flails | 4 5 6 8 9 10 11 12 | 12.5
Fighting       | 4 5 6 8 9 10 11 | 11.8
Stealth        | 1 2 |  2.0
Armour         | 3 5 7 9 10 | 10.2
Evocations     | 1 3 5 7 8 |  8.2

Action                     |  1- 3 |  4- 6 |  7- 9 | 10-12 || total
---------------------------+-------+-------+-------+-------++-------
  Melee: Mace              |   111 |   140 |   337 |       ||   588
         Morningstar       |       |       |    73 |   362 ||   435
         Flail             |       |       |    44 |       ||    44
         Whip              |       |       |    11 |       ||    11
  Throw: Dart              |       |     3 |     1 |     3 ||     7
 Invoke: Berserk           |     2 |     2 |     6 |     9 ||    19
         Trog's Hand       |       |       |     1 |     2 ||     3
         Brothers in Arms  |       |       |       |     1 ||     1
  Evoke: Wand              |       |       |     8 |     3 ||    11
    Use: Potion            |       |     1 |     3 |       ||     4
         Scroll            |       |       |    16 |     6 ||    22
   Stab: Sleeping          |     1 |     1 |     1 |       ||     3
         Distracted        |       |       |     1 |     1 ||     2
 Armour: Animal skin       |    95 |    83 |    12 |       ||   190
         Chain mail        |       |       |   520 |   359 ||   879
  Dodge: Dodged            |    95 |    76 |   272 |   164 ||   607

Table legend: (Time is in decaauts)
 A = Elapsed time spent in this place.
 B = Non-inter-level travel time spent in this place.
 C = Inter-level travel time spent in this place.
 D = Time resting spent in this place.
 E = Time spent auto-exploring this place.
 F = Levels seen in this place.
 G = Mean time per level.
                   A        B        C        D        E       F      G
               +--------+--------+--------+--------+--------+-----+--------+
         Total |  12499 |  11927 |    572 |   1227 |   8234 |  14 |  892.8 |
       Dungeon |   9852 |   9360 |    492 |    909 |   6778 |  10 |  985.2 |
          Lair |   1534 |   1455 |     79 |    264 |    764 |   2 |  767.0 |
         Sewer |    805 |    805 |      0 |      0 |    539 |   1 |  805.0 |
      Gauntlet |    308 |    308 |      0 |     54 |    153 |   1 |  308.0 |
               +--------+--------+--------+--------+--------+-----+--------+

Top non-repeatable levels by time:
     D:6: 1428 daAuts
  Lair:1: 1330 daAuts
    D:10: 1223 daAuts
     D:1: 1057 daAuts
     D:8: 1040 daAuts
     D:4: 965 daAuts
     D:2: 897 daAuts
     D:5: 846 daAuts
     D:9: 840 daAuts
   Sewer: 805 daAuts
     D:7: 783 daAuts
     D:3: 769 daAuts
Gauntlet: 308 daAuts
  Lair:2: 203 daAuts
